 Dungeon Crawl Stone Soup version 0.31-a0-692-gf03d1854d5 (webtiles) character file.

Game seed: 13995660912942602888

291 qw the Shooter (level 6, 0/39 HPs)
             Began as a Gargoyle Hunter on Sept 6, 2023.
             Slain by a gnoll sergeant
             ... wielding a +2 spear of flaming
              (8 damage)
             ... on level 4 of the Dungeon.
             The game lasted 00:01:05 (1871 turns).

qw the Shooter (Gargoyle Hunter)                    Turns: 1871, Time: 00:01:06

Health: 0/39       AC: 12    Str: 15    XL:     6   Next: 32%
Magic:  6/6        EV: 11    Int:  9    God:
Gold:   279        SH:  0    Dex: 15    Spells: 5/5 levels left

rFire   + . .        Y - +1 shortbow
rCold   . . .        (shield currently unavailable)
rNeg    + . .        a - +3 leather armour {rF+}
rPois   inf          f - +0 helmet
rElec   +            (no cloak)
rCorr   .            b - +0 pair of gloves
SInv    .            (no boots)
Will    .....        (no amulet)
Stlth   ++           (no ring)
HPRegen 0.26/turn    (no ring)
MPRegen 0.10/turn

%: no passive effects
@: no status effects
A: sickness immunity, AC +4, negative energy resistance 1, electricity
resistance, torment resistance 1, petrification resistance
a: no special abilities


You were on level 4 of the Dungeon.
You visited 1 branch of the dungeon, and saw 4 of its levels.

You collected 279 gold pieces.


Innate Abilities, Weirdness & Mutations

You are immune to sickness and miasma.
Your stone body is resilient. (AC +4)
You are immune to poison.
You resist negative energy. (rN+)
You are resistant to electric shocks. (rElec)
You are resistant to unholy torment.
You are immune to petrification.


   Skills:
 - Level 4.3 Fighting
 + Level 6.1 Ranged Weapons
 - Level 1.9 Armour
 - Level 1.5 Dodging
 - Level 1.1 Stealth


You had 5 spell levels left.
You didn't know any spells.
Your spell library was empty.

Inventory:

Hand Weapons
 Y - a +1 shortbow (weapon)
Armour
 a - a +3 leather armour of fire resistance (worn)
 b - a +0 pair of gloves (worn)
 f - a +0 helmet (worn)
Jewellery
 d - a ring of fire
 e - a ring of protection from cold
Scrolls
 c - a scroll of identify
 i - a scroll of brand weapon {unknown}
Potions
 g - a potion of might
 h - a potion of curing
 j - 2 potions of heal wounds {unknown}

Dungeon Overview and Level Annotations

Branches:
Dungeon (4/15)
 Temple: D:4-7

Altars:

Shops:
D:1 (

Annotations:
D:3 1 runed translucent door, qw's ghost, amateur GrHu


Message History

The arrow hits the gnoll sergeant but does no damage.
The gnoll sergeant is moderately wounded.
A gnoll comes into view. It is wielding a +0 club.
A gnoll comes into view. It is wielding a +0 flail.
You shoot an arrow.
The arrow hits the gnoll but does no damage.
Enter note:
1861 |||
Found retreat position at -5,0 (floor) with 0 blocking monsters and 2 monsters attacking at destination at distance 5
Enter note:
1861 |||
Found retreat position at -11,-5 (floor) with 0 blocking monsters and 1 monsters attacking at destination at distance 14
Enter note:
1861 ||| RETREATING.
You shoot an arrow. The arrow hits the gnoll.
The gnoll is lightly wounded.
You shoot an arrow. The arrow hits the gnoll.
The gnoll is heavily wounded.
You shoot an arrow. The arrow barely misses the gnoll.
The gnoll hits you but does no damage.
The gnoll sergeant hits you but does no damage.
You shoot an arrow. The arrow hits the gnoll.
The gnoll is almost dead.
The gnoll hits you with a +0 club.
The gnoll sergeant hits you from afar with a +2 spear of flaming!
The gnoll hits you but does no damage.
The gnoll sergeant hits you from afar with a +2 spear of flaming!
The gnoll sergeant burns you.
Enter note:
1869 |||
Found retreat position at -3,-1 (floor) with 0 blocking monsters and 2 monsters attacking at destination at distance 5
Enter note:
1869 ||| Stepping ~*~*~tactically~*~*~ (retreating).
You shoot an arrow. The arrow hits the gnoll.
The gnoll is heavily wounded.
The gnoll hits you but does no damage.
The gnoll sergeant hits you from afar with a +2 spear of flaming.
The gnoll sergeant burns you.
1871 |||
Found retreat position at -2,-2 (floor) with 0 blocking monsters and 2 monsters attacking at destination at distance 4
1871 ||| Stepping ~*~*~tactically~*~*~ (retreating).
The gnoll sergeant attacks as it pursues you!
The gnoll sergeant hits you from afar with a +2 spear of flaming!
You die...

...###.##.##.## .
#....##.... ##
#.##.##..g. ..
#.##.##..g.# . ..
##...##.##g.##.# ..#
#.##.#..##..#.#..#
#.##.#gg.##.)...#
#....#g#..#..}..#.
###..@g............
#......##...........
+..##...#############
+. #...# + #...#
#...# #####


You could see a gnoll sergeant and 3 gnolls.

Vanquished Creatures
  A phantom (D:4)
  Jessica (D:2)
  An iguana (D:4)
  Ijyb (D:3)
  A gnoll (D:4)
  5 adders
  3 worms
  5 dart slugs
  2 orcs
  7 endoplasms
  7 giant cockroaches
  8 goblins
  2 hobgoblins
  3 quokkas
  7 ball pythons
  4 bats
  6 frilled lizards
  6 kobolds
  A rat (D:3)
71 creatures vanquished.

Notes
Turn   | Place    | Note
-------+----------+-------------------------------------------
     0 | D:1      | qw the Gargoyle Hunter began the quest for the Orb.
     0 | D:1      | Reached XP level 1. HP: 12/12 MP: 1/1
     0 | D:1      | 0 ||| qw: Version: 0.3-a-76-g4403597
     0 | D:1      | 0 ||| qw: Game counter: 76
     0 | D:1      | 0 ||| qw: Melee chars always use a shield: true
     0 | D:1      | 0 ||| qw: God list: Okawaru
     0 | D:1      | 0 ||| qw: Allow faded altars: false
     0 | D:1      | 0 ||| qw: Do Orc after clearing Dungeon:15 true
     0 | D:1      | 0 ||| qw: Do second Lair branch before Depths: true
     0 | D:1      | 0 ||| qw: Lair rune preference: random
     0 | D:1      | 0 ||| qw: Goals: Normal
     0 | D:1      | 0 ||| PLANNING D:1-11
   147 | D:1      | Reached XP level 2. HP: 17/17 MP: 2/2
   207 | D:1      | Found Karoezao's Antique Weapon Boutique.
   450 | D:1      | Reached XP level 3. HP: 19/21 MP: 3/3
   453 | D:1      | Reached skill level 5 in Ranged Weapons
   695 | D:1      | 695 ||| UPGRADING to +0 ring mail.
   705 | D:1      | 705 ||| DROPPING +0 leather armour.
   706 | D:1      | 706 ||| UPGRADING to +0 helmet.
   711 | D:1      | 711 ||| READING scroll labelled ZAVYHU MEUTORR.
   712 | D:1      | 712 ||| DROPPING scroll of butterflies.
   760 | D:2      | Noticed Jessica
   762 | D:2      | Killed Jessica
   763 | D:2      | Reached skill level 1 in Armour
   763 | D:2      | Reached XP level 4. HP: 27/27 MP: 4/4
   833 | D:2      | Reached skill level 3 in Fighting
  1009 | D:2      | Identified the +11 hand axe of Butan {freeze, Dex+3}
  1155 | D:2      | Reached XP level 5. HP: 32/32 MP: 5/5
  1175 | D:2      | 1175 ||| UPGRADING to +0 pair of gloves.
  1180 | D:2      | 1180 ||| READING 2 scrolls labelled WEAPIBR GANAVA.
  1181 | D:2      | 1181 ||| DRINKING 2 sedimented sapphire potions.
  1205 | D:2      | 1205 ||| DROPPING potion of lignification.
  1252 | D:3      | Found a runed translucent door.
  1294 | D:3      | Noticed Ijyb
  1303 | D:3      | Killed Ijyb
  1578 | D:3      | Noticed qw's ghost (amateur GrHu)
  1583 | D:3      | 1583 ||| UPGRADING to +3 leather armour of fire resistance.
  1593 | D:3      | 1593 ||| DROPPING +0 ring mail.
  1594 | D:3      | 1594 ||| READING scroll labelled ITUAMIXTOR.
  1595 | D:3      | 1595 ||| READING scroll labelled NAFENE GURORA.
  1596 | D:3      | 1596 ||| READING scroll labelled KIBBANGIMI.
  1597 | D:3      | 1597 ||| READING 3 scrolls of identify.
  1597 | D:3      | 1597 ||| IDENTIFYING sedimented blue potion
  1598 | D:3      | 1598 ||| READING 2 scrolls of identify.
  1598 | D:3      | 1598 ||| IDENTIFYING bubbling black potion
  1703 | D:4      | HP: 8/32 [iguana (4)]
  1705 | D:4      | Reached skill level 6 in Ranged Weapons
  1823 | D:4      | Noticed a phantom
  1843 | D:4      | Killed a phantom
  1844 | D:4      | Reached XP level 6. HP: 39/39 MP: 6/6
  1861 | D:4      | 1861 ||| RETREATING.
  1869 | D:4      | 1869 ||| Stepping ~*~*~tactically~*~*~ (retreating).
  1870 | D:4      | HP: 9/39 [gnoll sergeant/+2 spear of flaming (6)]
  1871 | D:4      | 1871 ||| Stepping ~*~*~tactically~*~*~ (retreating).
  1871 | D:4      | Slain by a gnoll sergeant

Levels and vault maps discovered:
D:1:      mrwooster_arrival_arrow, layout_loops_cross, serial_shops, shop
D:2:      layout_rooms, uniq_jessica
D:3:      layout_rooms, ebering_ghost_sewer_d, uniq_ijyb
D:4:      layout_basic, minmay_temple_entry_waves, kennysheep_cross_bottleneck,
          minmay_misc_feat_square, uniq_duvessa

Skill      XL: |  1  2  3  4  5 |
---------------+----------------+-----
Ranged Weapons | 5 6 |  6.1
Armour         | 1 |  1.9
Fighting       | 3 4 |  4.3
Dodging        | |  1.5
Stealth        | |  1.1

Action                     |  1- 3 |  4- 6 || total
---------------------------+-------+-------++-------
   Fire: Shortbow          |    78 |   201 ||   279
    Use: Scroll            |     1 |     6 ||     7
         Potion            |       |     1 ||     1
 Armour: Leather armour    |    13 |    28 ||    41
         Ring mail         |       |    37 ||    37
  Dodge: Dodged            |    20 |    47 ||    67

Table legend:
 A = Non-vault XP
 B = Vault XP
 C = Vault XP percentage of total XP
 D = Non-vault monster count
 E = Vault monster count
 F = Vault count percentage of total count
                 A         B        C        D         E       F
            +---------+---------+-------+---------+---------+-------
      Total |     346 |      70 |  16.8 |      69 |       2 |   2.8
            +---------+---------+-------+---------+---------+-------
        D:1 |      49 |       0 |   0.0 |      26 |       0 |   0.0
        D:2 |      80 |      37 |  31.6 |      20 |       1 |   4.8
        D:3 |      24 |      33 |  57.9 |      14 |       1 |   6.7
        D:4 |     193 |       0 |   0.0 |       9 |       0 |   0.0
            +---------+---------+-------+---------+---------+-------
